 Dungeon Crawl Stone Soup version 0.29-a0-393-g47a863cc1b (webtiles) character file.

Game seed: 7149073086438798615

57 HendSelp the Ruffian (level 3, -2/29 HPs)
             Began as a Draconian Transmuter on May 10, 2022.
             Slain by a kobold
             ... wielding a +3 dagger
              (6 damage)
             ... on level 2 of the Dungeon.
             The game lasted 00:01:34 (2282 turns).

HendSelp the Ruffian (Draconian Transmuter)         Turns: 2282, Time: 00:01:35

Health: -2/29      AC:  5    Str: 14    XL:     3   Next: 73%
Magic:  6/6        EV: 12    Int: 13    God:
Gold:   94         SH:  0    Dex: 11    Spells: 6/7 levels left

rFire   . . .      SeeInvis .     - Unarmed
rCold   . . .      Faith    .   (no shield)
rNeg    . . .      Spirit   .   (body armour unavailable)
rPois   .          Reflect  .   (helmet restricted)
rElec   .          Harm     .   (no cloak)
rCorr   .          Rampage  .   (no gloves)
Will    .....                   (no boots)
Stlth   +.........              (no amulet)
HPRegen 0.09/turn               (no ring)
MPRegen 0.10/turn               (no ring)

@: no status effects
A: AC +5, unfitting armour, cold-blooded
a: no special abilities


You were on level 2 of the Dungeon.
You visited 1 branch of the dungeon, and saw 2 of its levels.

You collected 94 gold pieces.

Inventory:

Scrolls
 b - a scroll of identify
 g - a scroll of magic mapping {unknown}
Potions
 a - a potion of lignification
 c - a potion of might
 d - a potion of magic
 e - a potion of berserk rage
 f - a potion of curing


   Skills:
 * Level 1.8 Fighting
 - Level 1.7 Dodging
 + Level 3.9 Unarmed Combat
 * Level 2.5 Spellcasting
 + Level 2.3 Transmutations


You had 6 spell levels left.
You knew the following spells:

 Your Spells              Type           Power      Damage    Failure   Level
a - Beastly Appendage     Tmut           14%        N/A       10%         1

Your spell library contained the following spells:

 Spells                   Type           Power      Damage    Failure   Level
 Wereblood                Tmut           7%         N/A       14%         2
 Spider Form              Tmut/Pois      4%         N/A       41%         3
 Ice Form                 Ice/Tmut       4%         N/A       83%         4


Dungeon Overview and Level Annotations

Branches:
Dungeon (2/15)

Altars:


Innate Abilities, Weirdness & Mutations

Your plain brown scales are hard. (AC +5)
You cannot fit into any form of body armour.
You are cold-blooded and may be slowed by cold attacks.


Message History

You are too injured to fight recklessly!
The quokka barely misses you. The kobold closely misses you.
The kobold hits you but does no damage.
You barely miss the quokka.
The quokka is heavily wounded.
The quokka barely misses you. The kobold hits you with a +0 club.
The kobold barely misses you.
You closely miss the quokka.
The quokka is heavily wounded.
The quokka barely misses you. The kobold closely misses you.
The kobold hits you but does no damage.
You hit the quokka but do no damage.
Your tail-slap misses the quokka.
The quokka is heavily wounded.
The quokka bites you but does no damage.
The kobold hits you but does no damage. The kobold hits you with a +3 dagger.
The quokka misses you.
You hit the quokka but do no damage.
The quokka is heavily wounded.
The kobold hits you but does no damage. The kobold hits you with a +3 dagger.
The quokka bites you.
* * * LOW HITPOINT WARNING * * *
You hit the quokka.
You kill the quokka!
The kobold closely misses you. x2
Unknown command.
Unknown command.
The kobold hits you with a +0 club.
* * * LOW HITPOINT WARNING * * *
The kobold hits you but does no damage.
You closely miss the kobold. The kobold barely misses you.
The kobold hits you but does no damage.
Unknown command.
You closely miss the kobold. You tail-slap the kobold.
The kobold is moderately wounded.
The kobold misses you. The kobold closely misses you.
Unknown command.
You hit the kobold.
You kill the kobold!
The kobold hits you with a +3 dagger.
You die...

#....# #....#
#....# #....# ###
#..>.# # ....
#....# .#
.....#....###!###
......†..........
......)@K....##
.....###...).#
.... #......# ###
##.#.##.# #..#.#
.. #.##.# ...
##.##.# $.
####..#..# .
##........#


You could see a kobold.

Vanquished Creatures
  An adder (D:2)
  A worm (D:1)
  3 dart slugs (D:1)
  7 endoplasms
  4 giant cockroaches (D:1)
  3 goblins (D:1)
  4 hobgoblins (D:1)
  3 quokkas
  2 ball pythons (D:1)
  A frilled lizard (D:1)
  4 kobolds
  4 rats
37 creatures vanquished.

Notes
Turn   | Place    | Note
-------+----------+-------------------------------------------
     0 | D:1      | HendSelp the Draconian Transmuter began the quest for the
                  | Orb.
     0 | D:1      | Reached XP level 1. HP: 16/16 MP: 3/3
   407 | D:1      | Reached XP level 2. HP: 17/23 MP: 5/5
  1285 | D:1      | Reached XP level 3. HP: 28/28 MP: 6/6
  2282 | D:2      | Slain by a kobold

Illustrated notes

Levels and vault maps discovered:
D:1:      wander_arrival_desolate, layout_basic
D:2:      layout_rooms, grunt_ministairs_15

Action                   || total
-------------------------++-------
Melee: Unarmed           ||   151
       Tailslap          ||    18
       Kick              ||     4
       Punch             ||     3
 Cast: Beastly Appendage ||     4
  Use: Scroll            ||     5
       Potion            ||     1
 Stab: Sleeping          ||     1
Armor: Skin              ||    46
Dodge: Dodged            ||   107

Table legend: (Time is in decaauts)
 A = Elapsed time spent in this place.
 B = Non-inter-level travel time spent in this place.
 C = Inter-level travel time spent in this place.
 D = Time resting spent in this place.
 E = Time spent auto-exploring this place.
 F = Levels seen in this place.
 G = Mean time per level.
                   A        B        C        D        E       F      G
               +--------+--------+--------+--------+--------+-----+--------+
         Total |   2275 |   2216 |     59 |    261 |   1678 |   2 | 1137.5 |
       Dungeon |   2275 |   2216 |     59 |    261 |   1678 |   2 | 1137.5 |
               +--------+--------+--------+--------+--------+-----+--------+

Top non-repeatable levels by time:
     D:1: 1936 daAuts
     D:2: 339 daAuts
